 Dungeon Crawl Stone Soup version 0.19.0-2-gae57169 (webtiles) character file.

80 varam the Chopper (level 4, -2/33 HPs)
             Began as a Mummy Gladiator on Nov 4, 2016.
             Killed by divine providence
             ... invoked by an orc priest
              (9 damage)
             ... on level 2 of the Dungeon.
             The game lasted 00:02:54 (1501 turns).

varam the Chopper (Mummy Gladiator)                 Turns: 1501, Time: 00:02:56

Health: -2/33      AC: 10    Str: 19    XL:     4   Next: 18%
Magic:  4/4        EV:  8    Int:  7    God:
Gold:   72         SH:  0    Dex: 12    Spells: 0 memorised, 3 levels left

rFire  x . .     SeeInvis .     a - +0 war axe
rCold  + . .     Gourm    .     e - +0 chain mail
rNeg   + + +     Faith    .     (no shield)
rPois  ∞         Spirit   .     c - +0 helmet
rElec  .         Reflect  .     i - +0 cloak
rCorr  .         Harm     .     (no gloves)
MR     .....                    (no boots)
Stlth  ..........               (no amulet)
                                (no ring)
                                (no ring)

@: no status effects
A: no food or potions, fire vulnerability, cold resistance 1, negative energy
resistance 3, torment resistance, unbreathing
a: no special abilities


You were on level 2 of the Dungeon.
You were not hungry.

You visited 1 branch of the dungeon, and saw 3 of its levels.

You collected 72 gold pieces.

Inventory:

Hand Weapons
 a - a +0 war axe (weapon)
Missiles
 d - 3 throwing nets (quivered)
Armour
 b - a +0 leather armour
 c - a +0 helmet (worn)
 e - a +0 chain mail (worn)
 i - a +0 cloak (worn)
 k - a +0 large shield
Jewellery
 f - an uncursed amulet of guardian spirit {unknown}
Scrolls
 g - 2 scrolls of remove curse {unknown}
 h - a scroll of immolation {unknown}
 j - a scroll of blinking {unknown}
 l - a scroll of teleportation {unknown}
 m - a scroll of random uselessness {unknown}
 n - a scroll of amnesia {unknown}
 o - a scroll of fog {unknown}


   Skills:
 - Level 2.0 Fighting
 + Level 4.2 Axes
 - Level 1.5 Throwing
 - Level 2.4 Dodging


You had 3 spell levels left.
You didn't know any spells.

Dungeon Overview and Level Annotations

Branches:
Dungeon (3/15)

Altars:


Innate Abilities, Weirdness & Mutations

You do not eat or drink.
Your flesh is vulnerable to fire.
You are immune to poison.
Your flesh is cold resistant. (rC+)
You are immune to negative energy. (rN+++)
You are immune to unholy pain and torment.
You can survive without breathing.


Message History

The orc hits you but does no damage. The orc closely misses you.
The orc priest barely misses you.
The orc priest calls down the wrath of Beogh upon you.
Beogh smites you!
* * * LOW HITPOINT WARNING * * *
You climb upwards.
There is a stone staircase leading down here.
You hit the orc priest.
The orc priest is moderately wounded.
You barely miss the orc priest. You closely miss the orc.
The orc barely misses you.
The orc priest hits you but does no damage. x2
You closely miss the orc priest.
The orc priest is moderately wounded.
You barely miss the orc. You hit the orc priest.
The orc hits you but does no damage.
The orc priest hits you but does no damage.
The orc priest calls down the wrath of Beogh upon you.
Beogh smites you!
You die...

##.....## #.......#
##.....## #.......#
##.......# #.......#
##<.......# #.......# ##
#.........# #.......#
.###........####.^.....#
..##...........#o......#
#.#...[........#oo)....#
...............#@##.####
###............#o##.#
.(..#..........#.##.#
...##)........%#.##.###
....#..........[...)..#
....#..........##.....#
....#..........##.....#
)...#..........##.....#
...).......#.##.......####


You could see 2 orc priests and 2 orcs.

Vanquished Creatures
  3 adders (D:2)
  2 oozes (D:1)
  A dart slug (D:1)
  An orc (D:2)
  3 bats (D:1)
  A giant cockroach (D:1)
  6 goblins
  7 hobgoblins
  4 jackals (D:1)
  6 kobolds
  3 frilled lizards (D:1)
  5 rats
42 creatures vanquished.

Notes
Turn   | Place    | Note
-------+----------+-------------------------------------------
     0 | D:1      | varam the Mummy Gladiator began the quest for the Orb.
     0 | D:1      | Reached XP level 1. HP: 16/16 MP: 1/1
   114 | D:1      | Reached XP level 2. HP: 17/22 MP: 2/2
   189 | D:1      | Reached skill level 3 in Axes
   540 | D:1      | Reached XP level 3. HP: 25/27 MP: 3/3
  1153 | D:2      | Reached skill level 4 in Axes
  1153 | D:2      | Reached XP level 4. HP: 33/33 MP: 4/4
  1501 | D:2      | Killed from afar by an orc priest

Skill      XL: |  1  2  3 |
---------------+----------+-----
Axes           | 3 4 |  4.2
Fighting       | |  2.0
Throwing       | |  1.5
Dodging        | |  2.4

Action                   |  1- 3 |  4- 6 || total
-------------------------+-------+-------++-------
Melee: War axe           |    91 |    14 ||   105
Armor: Chain mail        |    61 |    13 ||    74
Dodge: Dodged            |    49 |    13 ||    62
